 Dungeon Crawl Stone Soup version 0.22.1-5-g62c59d9 (webtiles) character file.

232 Fang the Skirmisher (level 6, -4/58 HPs)
             Began as a Gargoyle Berserker on Jan 9, 2019.
             Was a Believer of Trog.
             Killed from afar by Natasha (6 damage)
             ... with a magic dart
             ... on level 3 of the Dungeon on Jan 10, 2019.
             The game lasted 00:05:54 (1758 turns).

Fang the Skirmisher (Gargoyle Berserker)            Turns: 1758, Time: 00:05:54

Health: -4/58      AC: 13    Str: 27    XL:     6   Next: 4%
Magic:  6/6        EV:  9    Int:  8    God:    Trog [**....]
Gold:   51         SH:  0    Dex:  9    Spells: 5/5 levels left

rFire    . . .     SeeInvis .   a - +0 hand axe
rCold    . . .     Gourm    .   (no shield)
rNeg     + . .     Faith    .   g - +0 chain mail
rPois    ∞         Spirit   .   (no helmet)
rElec    +         Reflect  .   (no cloak)
rCorr    .         Harm     .   (no gloves)
MR       .....                  (no boots)
Stlth    ..........             j - amulet of rage
HPRegen  0.19/turn              (no ring)
MPRegen  0.10/turn              (no ring)

@: berserking (expiring), very slightly contaminated, slowed, invisible
(expiring)
A: negative energy resistance 1, electricity resistance, unbreathing,
petrification resistance, rot immunity, AC +4
a: Berserk, Trog's Hand, Renounce Religion, Evoke Berserk Rage


You were on level 3 of the Dungeon.
You worshipped Trog.
Trog was pleased with you.
You were hungry.

You visited 1 branch of the dungeon, and saw 3 of its levels.

You collected 51 gold pieces.

Inventory:

Hand Weapons
 a - a +0 hand axe (weapon)
Armour
 g - a +0 chain mail (worn)
Jewellery
 j - an amulet of rage (around neck)
 k - a +1 ring of evasion {unknown}
Scrolls
 b - a scroll of random uselessness {unknown}
 d - 2 scrolls of blinking {unknown}
 f - 4 scrolls of identify {unknown}
 h - 3 scrolls of fog {unknown}
 i - 2 scrolls of amnesia {unknown}
 m - a scroll of remove curse {unknown}
 o - a scroll of immolation {unknown}
Potions
 e - a potion of curing {unknown}
 n - a potion of brilliance {unknown}
Comestibles
 c - 10 rations
 p - a chunk of flesh


   Skills:
 + Level 4.7 Fighting
 + Level 4.3 Axes
 + Level 3.2 Armour
 + Level 2.2 Dodging


You had 5 spell levels left.
You didn't know any spells.
Your spell library was empty.

Dungeon Overview and Level Annotations

Branches:
Dungeon (3/15)

Altars:
Wu Jian

Annotations:
D:3 Natasha


Innate Abilities, Weirdness & Mutations

You are resistant to torment.
Your stone body is resilient. (AC +4)
You are immune to poison.
You resist negative energy. (rN+)
You are resistant to electric shocks. (rElec)
You can survive without breathing.
You are immune to petrification.
You are immune to rotting.


Message History

You feel as though you will be slow longer.
Unknown command.
You hit Natasha.
Natasha is almost dead.
You flicker for a moment.
Natasha claws you but does no damage.
Unknown command.
Unknown command.
You barely miss Natasha.
Natasha is almost dead.
The iron imp disappears in a puff of smoke!
Natasha claws you but does no damage.
You barely miss Natasha.
Natasha is almost dead.
Natasha claws you but does no damage.
Natasha wildly gestures.
Natasha shimmers violently.
Natasha casts a spell at you. The magic dart hits you!
You die...

.........###..####
#..#.....<...>...#
...÷.†.......###.#
...?....#.##.....#
#..?......##.....#
#..........#....§#
#..........###+#5#
.?.............#h###.###
#..........##...@.......
#..........#..........$.
#........ #........[...
...............
####...........
#...........
#.......##+# .########


You could see Natasha and a crimson imp.

Vanquished Creatures
  A bullfrog (D:2)
  A hound (D:2)
  Natasha (D:3)
  6 adders
  An ooze (D:2)
  3 worms
  A dart slug (D:2)
  A leopard gecko (D:2)
  2 giant cockroaches
  4 goblins
  2 hobgoblins
  4 jackals (D:2)
  3 quokkas
  6 bats
  2 frilled lizards
  5 kobolds
  9 rats
52 creatures vanquished.

Notes
Turn   | Place    | Note
-------+----------+-------------------------------------------
     0 | D:1      | Fang the Gargoyle Berserker began the quest for the Orb.
     0 | D:1      | Reached XP level 1. HP: 14/14 MP: 1/1
   401 | D:1      | Reached XP level 2. HP: 19/19 MP: 2/2
   673 | D:2      | Reached XP level 3. HP: 24/24 MP: 3/3
   681 | D:2      | Reached XP level 4. HP: 22/29 MP: 4/4
   882 | D:2      | Noticed a bullfrog
   898 | D:2      | Killed a bullfrog
   898 | D:2      | Reached XP level 5. HP: 19/34 MP: 5/5
  1192 | D:2      | Reached ** piety under Trog
  1238 | D:2      | Found an ornate altar of the Wu Jian Council.
  1699 | D:3      | Noticed Natasha
  1717 | D:3      | Killed Natasha
  1717 | D:3      | Reached XP level 6. HP: 26/39 MP: 6/6
  1724 | D:3      | Noticed Natasha
  1747 | D:3      | HP: 1/39 [Natasha (3)]
  1753 | D:3      | HP: 1/58 [Natasha (1)]
  1758 | D:3      | Killed from afar by Natasha

Skill      XL: |  1  2  3  4  5 |
---------------+----------------+-----
Axes           | 3 4 |  4.3
Fighting       | 4 |  4.7
Dodging        | 2 |  2.2
Armour         | 3 |  3.2

Action                   |  1- 3 |  4- 6 || total
-------------------------+-------+-------++-------
Melee: Hand axe          |    47 |   149 ||   196
Invok: Berserk           |       |     3 ||     3
  Use: Potion            |       |     1 ||     1
  Eat: Chunk             |       |     5 ||     5
Armor: Animal skin       |     4 |       ||     4
       Chain mail        |    35 |   147 ||   182
Dodge: Dodged            |    20 |    99 ||   119
